 Dungeon Crawl Stone Soup version 0.19.5 (webtiles) character file.

73 Jerry the Poker (level 4, 29/37 HPs)
             Began as a Merfolk Chaos Knight on May 24, 2017.
             Quit the game on level 2 of the Dungeon.
             The game lasted 00:04:39 (1676 turns).

Jerry the Poker (Merfolk Chaos Knight)              Turns: 1676, Time: 00:04:39

Health: 29/37      AC:  5    Str: 13    XL:     4   Next: 27%
Magic:  3/4        EV: 13    Int: 11    God:    Xom [..*...]
Gold:   52         SH:  0    Dex: 13    Spells: 0 memorised, 3 levels left

rFire  . . .     SeeInvis .     a - +0 spear (chaos)
rCold  . . .     Gourm    .     b - +2 leather armour
rNeg   . . .     Faith    .     (no shield)
rPois  +         Spirit   +     (no helmet)
rElec  .         Reflect  .     (no cloak)
rCorr  .         Harm     .     (no gloves)
MR     .....                    (no boots)
Stlth  ..........               r - amulet of guardian spirit
                                m - ring of poison resistance
                                g - ring of loudness (curse)

@: no status effects
A: change form in water, swift swim, stealthy swim
a: Renounce Religion


You were on level 2 of the Dungeon.
You worshipped Xom.
You were a toy of Xom.
You were not hungry.

You visited 1 branch of the dungeon, and saw 2 of its levels.

You collected 52 gold pieces.

Inventory:

Hand Weapons
 a - a +0 spear of chaos (weapon)
Armour
 b - a +2 leather armour (worn)
 e - a cursed +0 chain mail
Jewellery
 g - a cursed ring of loudness (left hand)
 m - a ring of poison resistance (right hand)
 r - an amulet of guardian spirit (around neck)
Scrolls
 f - a scroll of random uselessness {unknown}
 h - a scroll of blinking {unknown}
 l - 2 scrolls of teleportation {unknown}
 n - a scroll of enchant armour {unknown}
 p - a scroll of magic mapping {unknown}
Potions
 j - 3 potions of curing {unknown}
 k - a potion of heal wounds {unknown}
 o - 2 potions of degeneration {unknown}
Comestibles
 c - a bread ration
 d - a chunk of flesh
 i - a meat ration


   Skills:
 + Level 3.9 Fighting
 * Level 5.7 Polearms
 + Level 1.2 Armour
 + Level 3.5 Dodging


You had 3 spell levels left.
You didn't know any spells.

Dungeon Overview and Level Annotations

Branches:
Dungeon (2/15)

Altars:

Annotations:
D:2 Sigmund


Message History

The goblin hits you but does no damage.
You hit the goblin.
Space bends around the goblin.
You kill the goblin!
The goblin seems less confused.
The hobgoblin hits you with a club.
There is an open door, spattered with blood here.
Items here: )))) †† You hit the hobgoblin but do no damage.
The hobgoblin barely misses you.
You hit the hobgoblin.
The hobgoblin appears confused.
The hobgoblin is heavily wounded.
You hit the goblin but do no damage. You drain the goblin!
You kill the goblin!
The hobgoblin looks very confused.
You see here a goblin corpse.
You barely miss the hobgoblin.
The hobgoblin is heavily wounded.
You catch the helpless hobgoblin completely off-guard!
You hit the hobgoblin.
You kill the hobgoblin!
You see here a club.
Are you sure you want to abandon this character and quit the game? (Confirm with "yes".)

##.#.# #...###.# ##.....## ##
##.#.#####..#.##.###.......######
.#.#.#.........#.##.........##...
............................'....
.#.#.#.###.....###..........##.#.
##.#.#.###.#..##.##........###.##
##.#.#........#...#.......## #.##
.....#####..####'####....## #.##
##.### #.## #.@.#)##..## #... #.#
#.# +..†)§)'..# #### #)# #.#
#...#.##..# # #.# #..
##'####...######## ##.# #..
#...#............. ...# #.#
##.##.......###### #### #.#
###...#...## ...#.##.## #####.
#.#


There were no monsters in sight!

Vanquished Creatures
  2 adders
  A dart slug (D:1)
  A leopard gecko (D:1)
  2 giant cockroaches (D:1)
  8 goblins
  9 hobgoblins
  2 jackals (D:2)
  3 kobolds (D:1)
  9 bats
  3 frilled lizards (D:2)
  5 rats
  2 bushes (D:1)
47 creatures vanquished.

Vanquished Creatures (others)
  A dart slug (D:1)
  A hobgoblin (D:2)
2 creatures vanquished.

Grand Total: 49 creatures vanquished

Notes
Turn   | Place    | Note
-------+----------+-------------------------------------------
     0 | D:1      | Jerry the Merfolk Chaos Knight began the quest for the Orb.
     0 | D:1      | Reached XP level 1. HP: 18/18 MP: 1/1
    49 | D:1      | Reached XP level 2. HP: 24/24 MP: 2/2
    94 | D:1      | Reached skill level 5 in Polearms
   120 | D:1      | Reached skill level 1 in Armour
   128 | D:1      | XOM: divination: detect items
   414 | D:1      | Reached XP level 3. HP: 29/29 MP: 3/3
   764 | D:1      | XOM: divination: detect items
   795 | D:1      | XOM: mild Divn miscast
  1155 | D:2      | Noticed Sigmund
  1492 | D:2      | Reached XP level 4. HP: 29/37 MP: 4/4
  1657 | D:2      | XOM: confusion (+ monsters)
  1676 | D:2      | Quit the game

Skill      XL: |  1  2  3 |
---------------+----------+-----
Polearms       | 5 |  5.7
Armour         | 1 |  1.2
Dodging        | 3 |  3.5
Fighting       | |  3.9

Action                   |  1- 3 |  4- 6 || total
-------------------------+-------+-------++-------
Melee: Spear             |   314 |    32 ||   346
  Use: Scroll            |       |     1 ||     1
 Stab: Sleeping          |     1 |       ||     1
       Confused          |       |     1 ||     1
  Eat: Chunk             |     2 |     1 ||     3
Armor: Leather armour    |    26 |     2 ||    28
Dodge: Dodged            |    56 |     7 ||    63
